 Dungeon Crawl Stone Soup version 0.22.0-1-g6561e4c (console) character file.

4136 nht the Quickloader (level 10, 0/83 (84) HPs)
             Began as a Minotaur Hunter on Aug 12, 2018.
             Was an Elder of Okawaru.
             Slain by a red ugly thing (7 damage)
             ... on level 9 of the Dungeon.
             The game lasted 00:08:59 (7504 turns).

nht the Quickloader (Minotaur Hunter)               Turns: 7504, Time: 00:09:01

HP:   0/83 (84)     AC:  8    Str: 19    XL:     10   Next: 6%
MP:   11/11         EV: 12    Int:  5    God:    Okawaru [****..]
Gold: 137           SH:  0    Dex: 12    Spells: 9/9 levels left

rFire    + . .     SeeInvis .   a - +1 hand crossbow
rCold    + + .     Gourm    .   (no shield)
rNeg     . . .     Faith    .   A - +0 ring mail {rC+}
rPois    +         Spirit   .   (helmet restricted)
rElec    .         Reflect  .   D - scarf {rC+ rF+}
rCorr    .         Harm     .   r - +0 pair of gloves
MR       .....                  G - +0 pair of boots
Stlth    +.........             (no amulet)
HPRegen  0.23/turn              y - ring of poison resistance (curse)
MPRegen  0.12/turn              x - -3 ring of intelligence (curse)

@: no status effects
A: retaliatory headbutt, horns 2
a: Heroism, Renounce Religion


You were on level 9 of the Dungeon.
You worshipped Okawaru.
Okawaru was greatly pleased with you.
You were not hungry.

You visited 2 branches of the dungeon, and saw 10 of its levels.

You collected 504 gold pieces.
You spent 367 gold pieces at shops.

Inventory:

Hand Weapons
 a - a +1 hand crossbow (weapon)
 b - the +2 war axe "Witzek" {chop, rF+ rN+ MR-}
   (You bought it in a shop on level 8 of the Dungeon)

   It inflicts extra damage upon your enemies.
   It protects you from fire.
   It protects you from negative energy.
   It affects your resistance to hostile enchantments.
 w - a +0 broad axe
Missiles
 d - 32 bolts (quivered)
Armour
 r - a +0 pair of gloves (worn)
 A - a +0 ring mail of cold resistance (worn)
 D - a scarf of resistance (worn)
 G - a +0 pair of boots (worn)
Jewellery
 o - an uncursed ring of ice
 x - a cursed -3 ring of intelligence (right hand)
 y - a cursed ring of poison resistance (left hand)
 C - an uncursed ring of protection from cold {unknown}
 E - a +2 amulet of reflection {unknown}
Wands
 s - a wand of digging (26)
 B - a wand of paralysis (15)
 H - a wand of polymorph (15)
Scrolls
 e - 13 scrolls of identify
 h - 4 scrolls of teleportation {unknown}
 i - 2 scrolls of random uselessness {unknown}
 j - a scroll of noise {unknown}
 k - 2 scrolls of enchant weapon {unknown}
 l - 2 scrolls of fog {unknown}
 n - 2 scrolls of enchant armour {unknown}
 q - a scroll of amnesia {unknown}
 t - 5 scrolls of remove curse {unknown}
Potions
 c - a potion of flight {unknown}
 g - 2 potions of brilliance
 m - a potion of curing
 p - a potion of lignification
 u - 3 potions of agility
 v - a potion of might
 F - a potion of resistance {unknown}
Comestibles
 f - 21 rations
 z - 5 chunks of flesh


   Skills:
 + Level 6.6 Fighting
 * Level 9.7 Axes
 - Level 10.0 Crossbows
 + Level 4.3 Armour
 - Level 4.2 Dodging
 - Level 2.9 Stealth
 + Level 3.6 Invocations


You had 9 spell levels left.
You didn't know any spells.
Your spell library contained the following spells:

 Spells                   Type           Power        Failure   Level  Hunger
 Spider Form              Tmut/Pois      #.........   95%         3    ####...
 Blade Hands              Tmut           #.........   100%        5    ######.
 Ice Form                 Ice/Tmut       #.......     100%        4    #####..
 Sticks to Snakes         Tmut           #.......     80%         2    ###....
 Beastly Appendage        Tmut           #.....       65%         1    ##.....


Dungeon Overview and Level Annotations

Branches:
Dungeon (9/15)             Temple (1/1) D:5
   Lair: D:8-11         Orc: D:9-12

Altars:
Ashenzari
Cheibriados
Dithmenos
Elyvilon
Fedhas
Gozag
Hepliaklqana
Kikubaaqudgha
Makhleb
Nemelex Xobeh
Okawaru
Qazlal
Sif Muna
Trog
Vehumet
Xom
Yredelemnul
Zin
The Shining One
Lugonu

Shops:
D:4 !:%   D:6 *   D:8 (


Innate Abilities, Weirdness & Mutations

You reflexively headbutt those who attack you in melee.
You have a pair of horns on your head.


Message History

The red ugly thing gores you!
* * * LOW HITPOINT WARNING * * *
You are engulfed in flames!
You resist.
* * * LOW HITPOINT WARNING * * *
The jackal closely misses you. You furiously retaliate!
You headbutt the jackal!
You kill the jackal!
Okawaru accepts your kill.
A jackal comes into view.
You are too injured to fight recklessly!
Firing (i - inventory)
d - 33 bolts (quivered)
Press: ? - help, Shift-Dir - straight line, f/p - red ugly thing
Aim: a red ugly thing (almost dead)
You shoot a bolt.
The bolt barely misses the red ugly thing.
The jackal barks!
The red ugly thing gores you!
* * * LOW HITPOINT WARNING * * *
You are engulfed in flames!
You resist.
You die...

......█..........█..█
......█.█..........██
......._...........█
.
..█████.█.█.██████.██
..█ ██...█.█ █..█
)... ██..█...█ ██.█
.....███..██..██ ██..
█....█.███..█ █...
█.@.█ █..█ █...
.......u....... █...
.......(........ █...
██......(h..... █...
███.....(h...? ......
███...(..... ███...
███....... █...
██...h. ..... .....


You could see a red ugly thing and 3 jackals.

Vanquished Creatures
  Pikel (D:7)
  Prince Ribbit (D:5)
  Grinder (D:3)
  3 sky beasts
  5 ogres
  4 orc warriors
  A necrophage (D:7)
  2 phantoms
  3 centaurs
  A bullfrog (D:9)
  A wyvern zombie (D:9)
  2 scorpions (D:7)
  4 killer bees
  2 howler monkeys
  3 crimson imps
  A hound (D:7)
  Crazy Yiuf (D:4)
  5 jellies
  An orc priest (D:5)
  Jessica (D:2)
  2 centaur skeletons
  4 iguanas
  6 worker ants
  Natasha (D:3)
  6 orc wizards
  A killer bee zombie (D:5)
  A worker ant zombie (D:7)
  3 gnolls (D:6)
  13 adders
  3 shadow imps
  An ooze (D:7)
  An adder skeleton (D:8)
  4 dart slugs
  5 worms
  9 leopard geckos
  33 orcs
  7 giant cockroaches
  12 goblins
  7 hobgoblins
  4 jackals
  4 quokkas
  5 ball pythons
  7 bats
  5 frilled lizards
  5 kobolds
  A quokka skeleton (D:5)
  9 rats
202 creatures vanquished.

Notes
Turn   | Place    | Note
-------+----------+-------------------------------------------
     0 | D:1      | nht the Minotaur Hunter began the quest for the Orb.
     0 | D:1      | Reached XP level 1. HP: 18/18 MP: 0/0
   208 | D:1      | Reached skill level 1 in Stealth
   270 | D:1      | Reached XP level 2. HP: 25/25 MP: 1/1
   811 | D:2      | Reached XP level 3. HP: 9/31 MP: 2/2
  1237 | D:2      | Reached XP level 4. HP: 30/38 MP: 3/3
  1354 | D:2      | Noticed Jessica
  1358 | D:2      | Killed Jessica
  1358 | D:2      | Reached skill level 5 in Crossbows
  1547 | D:2      | Noticed a moth of wrath
  1549 | D:2      | Found a bloodstained altar of Trog.
  1788 | D:3      | Noticed Natasha
  1788 | D:3      | Noticed Grinder
  1796 | D:3      | Killed Natasha
  1796 | D:3      | Reached XP level 5. HP: 19/46 MP: 4/4
  1801 | D:3      | Paralysed by Grinder for 3 turns
  1806 | D:3      | Killed Grinder
  1806 | D:3      | Reached XP level 6. HP: 24/53 MP: 5/5
  2468 | D:4      | Reached skill level 6 in Crossbows
  2619 | D:4      | Reached XP level 7. HP: 60/60 MP: 6/6
  2739 | D:4      | Found Ischy Tid's Book Shop.
  2770 | D:4      | Found Myvofac's Distillery.
  2773 | D:4      | Bought a potion of agility for 40 gold pieces
  2773 | D:4      | Bought a potion of lignification for 30 gold pieces
  2773 | D:4      | Bought a potion of might for 40 gold pieces
  2773 | D:4      | Bought a potion of agility for 40 gold pieces
  2773 | D:4      | Bought a potion of curing for 30 gold pieces
  2786 | D:4      | Found Wufiotha's Food Shoppe.
  2836 | D:4      | Found a burning altar of Makhleb.
  3150 | D:4      | Found a runed door.
  3204 | D:4      | Reached skill level 7 in Crossbows
  3269 | D:4      | Noticed Crazy Yiuf
  3274 | D:4      | Killed Crazy Yiuf
  3332 | D:5      | Entered Level 5 of the Dungeon
  3441 | D:5      | Reached skill level 1 in Axes
  3466 | D:5      | Found a staircase to the Ecumenical Temple.
  3502 | Temple   | Entered the Ecumenical Temple
  3542 | Temple   | Became a worshipper of Warmaster Okawaru
  3608 | D:5      | Found a shattered altar of Ashenzari.
  3629 | D:5      | Reached skill level 8 in Crossbows
  3847 | D:5      | Found a stormy altar of Qazlal.
  3988 | D:5      | Noticed Prince Ribbit
  3995 | D:5      | Killed Prince Ribbit
  3995 | D:5      | Reached * piety under Okawaru
  3995 | D:5      | Reached XP level 8. HP: 50/67 MP: 7/7
  4127 | D:5      | Reached skill level 5 in Axes
  4127 | D:5      | Reached skill level 9 in Crossbows
  4631 | D:6      | Found a glowing silver altar of Zin.
  4632 | D:6      | Found Zin's Purification Station.
  4726 | D:6      | Reached ** piety under Okawaru
  4912 | D:6      | Found a shadowy altar of Dithmenos.
  5084 | D:6      | Found a blossoming altar of Fedhas.
  5169 | D:7      | Reached skill level 10 in Crossbows
  5187 | D:7      | HP: 2/100 [orc warrior/battleaxe (7)]
  5189 | D:7      | Reached XP level 9. HP: 24/72 MP: 8/8
  5392 | D:7      | Reached skill level 1 in Armour
  5413 | D:7      | Found a sparkling altar of Nemelex Xobeh.
  5428 | D:7      | Reached skill level 1 in Invocations
  5484 | D:7      | Found a deep blue altar of Sif Muna.
  5491 | D:7      | Reached skill level 5 in Fighting
  5533 | D:7      | Found an opulent altar of Gozag.
  5581 | D:7      | Noticed Pikel
  5622 | D:7      | Killed Pikel
  5622 | D:7      | Reached *** piety under Okawaru
  5937 | D:7      | Found a hazy altar of Hepliaklqana.
  5938 | D:7      | Found a shimmering altar of Xom.
  5939 | D:7      | Noticed a spectral ugly thing
  6033 | D:7      | Found a white marble altar of Elyvilon.
  7043 | D:8      | Found Mim Riaf's Antique Weapon Shop.
  7050 | D:8      | Bought a fine war axe for 187 gold pieces
  7050 | D:8      | Identified the +2 war axe "Witzek" {chop, rF+ rN+ MR-} (You bought it in a shop on level 8 of the Dungeon)
  7097 | D:8      | Reached **** piety under Okawaru
  7214 | D:8      | Found an ancient bone altar of Kikubaaqudgha.
  7373 | D:9      | Reached XP level 10. HP: 83/83 MP: 11/11
  7470 | D:9      | Found a basalt altar of Yredelemnul.
  7494 | D:9      | Noticed a red ugly thing
  7504 | D:9      | Slain by a red ugly thing

Skill      XL: |  1  2  3  4  5  6  7  8  9 |
---------------+----------------------------+-----
Stealth        | 1 2 |  2.9
Fighting       | 3 4 6 |  6.6
Dodging        | 3 4 |  4.2
Crossbows      | 5 6 8 10 | 10.0
Axes           | 4 7 9 |  9.7
Armour         | 4 |  4.3
Invocations    | 3 |  3.6

Action                   |  1- 3 |  4- 6 |  7- 9 | 10-12 || total
-------------------------+-------+-------+-------+-------++-------
Melee: Hand crossbow     |       |       |     1 |     2 ||     3
       Unarmed           |       |       |    30 |       ||    30
 Fire: Hand crossbow     |    93 |   137 |   416 |    41 ||   687
  Use: Scroll            |       |       |     3 |       ||     3
       Potion            |       |       |     3 |       ||     3
  Eat: Chunk             |     1 |     4 |    14 |     1 ||    20
Armor: Leather armour    |    12 |    13 |    14 |       ||    39
       Skin              |       |       |     7 |       ||     7
       Ring mail         |       |       |    12 |     4 ||    16
Dodge: Dodged            |    24 |    29 |   101 |    15 ||   169
